 Dungeon Crawl Stone Soup version 0.30-a0-793-g160f7cfddd (webtiles) character file.

Game seed: 7716131035952629817

15 domi the Chopper (level 2, 0/26 HPs)
             Began as a Hill Orc Monk on Feb 19, 2023.
             Slain by a gnoll
             ... wielding a +0 flail
              (4 damage)
             ... on level 4 of the Dungeon.
             The game lasted 00:00:50 (971 turns).

domi the Chopper (Hill Orc Monk)                     Turns: 971, Time: 00:00:51

Health: 0/26       AC:  2    Str: 13    XL:     2   Next: 50%
Magic:  2/2        EV:  9    Int: 10    God:
Gold:   13         SH:  0    Dex: 13    Spells: 1/1 levels left

rFire   . . .      SeeInvis .    a - +0 hand axe
rCold   . . .      Faith    .    (no shield)
rNeg    . . .      Spirit   .    b - +0 robe
rPois   .          Reflect  .    (no helmet)
rElec   .          Harm     .    (no cloak)
rCorr   .          Rampage  .    (no gloves)
Will    .....                    (no boots)
Stlth   ++                       (no amulet)
HPRegen 0.24/turn                (no ring)
MPRegen 0.08/turn                (no ring)

@: constricted
A: no striking features
a: no special abilities


You were on level 4 of the Dungeon.
You visited 1 branch of the dungeon, and saw 3 of its levels.

You collected 13 gold pieces.

Inventory:

Hand Weapons
 a - a +0 hand axe (weapon)
Armour
 b - a +0 robe (worn)
Jewellery
 e - an amulet of faith {Faith, !P!P}
   (You found it on level 1 of the Dungeon)
Scrolls
 d - a scroll of teleportation {unknown}
 f - a scroll of noise {unknown}
 g - a scroll of vulnerability {unknown}
Potions
 c - a potion of ambrosia {!q}


   Skills:
 - Level 3.6 Fighting
 * Level 4.7 Axes
 + Level 2.6 Dodging
 - Level 1.5 Stealth


You had one spell level left.
You didn't know any spells.
Your spell library contained the following spells:

 Spells                   Type           Power      Damage    Failure   Level
 Shock                    Conj/Air       0%         1d3       36%         1
 Swiftness                Air            0%         N/A       75%         3
 Airstrike                Air            0%         2d(0-16)  98%         4


Dungeon Overview and Level Annotations

Branches:
Dungeon (2/15)

Altars:
Ashenzari
Hepliaklqana


Message History

The bat barely misses you.
You barely miss the bat. The bat closely misses you.
There are monsters nearby!
There are monsters nearby!
The bat barely misses you. The bat misses you.
The frilled lizard completely misses you.
You hit the bat.
You kill the bat!
You hit the frilled lizard.
You kill the frilled lizard!
The giant cockroach closely misses you. The giant cockroach barely misses you.
You see here a bat corpse.
You barely miss the giant cockroach. The giant cockroach closely misses you.
You hit the giant cockroach. The giant cockroach bites you.
You hit the giant cockroach. The giant cockroach bites you.
You hit the giant cockroach. The giant cockroach closely misses you.
The giant cockroach bites you but does no damage.
You slash the giant cockroach!
You kill the giant cockroach!
No target in view!
A kobold comes into view. It is wielding a +0 short sword.
Found a stone staircase leading down.
A kobold is nearby!
The kobold shouts!
You see here a +0 dagger.
The kobold throws a stone.
The stone barely misses you.
A goblin comes into view. It is wielding a +0 dagger.
The kobold hits you but does no damage.
You closely miss the kobold.
The goblin shouts!
The kobold closely misses you.
You hit the kobold.
You kill the kobold!
Things that are here:
a +0 short sword; 2 stones You hit the goblin.
The goblin barely misses you.
You hit the goblin.
You kill the goblin!
No target in view!
No target in view!
You pick up a book of Air and begin reading...
You add the spells Shock, Swiftness and Airstrike to your library.
You open the large door. You open the door.
There is an open door here.
g - a scroll labelled ACOONITIRU
There is an open door here.
You see here a +0 dagger.
You open the door.
There is an open door here.
You open the door.
There is an open door here.
Done exploring.
Done exploring.
Done exploring.
Done exploring.
No target in view!
Done exploring.
Done exploring.
(D) Dungeon
Where to? (? - help)
There is an open door here.
There is a stone staircase leading down here.
You climb downwards.
There is a stone staircase leading up here.
Found a broken altar of Ashenzari.
A hobgoblin comes into view.
The hobgoblin shouts!
A hobgoblin is nearby!
A sourceless malevolence fills the Dungeon...
You fall into a shaft and drop 2 floors!
The shaft crumbles and collapses.
You hear the sound of rushing water.
There is an entrance to a sewer on this level.
Hurry and find it before the portal rusts away!
Found a ring mail.
Found a hazy altar of Hepliaklqana.
Unknown command.
A gnoll and a ball python come into view.
A gnoll comes into view. It is wielding a +0 club.
The gnoll shouts! x2; You hear a shout!
The gnoll hits you with a +0 flail!
You hear a shout!
You closely miss the gnoll. The gnoll hits you with a +0 flail!
* * * LOW HITPOINT WARNING * * *
A gnoll comes into view. It is wielding a +0 spear.
The teleport trap disappears.
The gnoll disappears!
Unknown command.
You barely miss the gnoll. The gnoll completely misses you.
You barely miss the gnoll. The gnoll barely misses you.
You hit the gnoll. You closely miss the ball python. The ball python bites you.
* * * LOW HITPOINT WARNING * * *
The ball python grabs you. The ball python constricts you.
* * * LOW HITPOINT WARNING * * *
The gnoll barely misses you.
You closely miss the gnoll. You closely miss the ball python.
The ball python bites you.
* * * LOW HITPOINT WARNING * * *
The ball python constricts you. The gnoll hits you with a +0 flail.
You die...

.# ######.####
###.........#
#...........#
###.#.........#
...........[...#
.####^####.....###
... #........ ....
#@S...... #....
#g....... #..._
g........ #..
.#........
..#........ ..
#........ ###
#........
.........


You could see 2 gnolls and a ball python.

Vanquished Creatures
  An endoplasm (D:1)
  A giant cockroach (D:1)
  2 goblins (D:1)
  3 hobgoblins (D:1)
  2 kobolds (D:1)
  2 bats (D:1)
  A frilled lizard (D:1)
  A rat (D:1)
13 creatures vanquished.

Notes
Turn   | Place    | Note
-------+----------+-------------------------------------------
     0 | D:1      | domi the Hill Orc Monk began the quest for the Orb.
     0 | D:1      | Reached XP level 1. HP: 19/19 MP: 1/1
   181 | D:1      | Reached XP level 2. HP: 25/26 MP: 2/2
   241 | D:1      | Found a faded altar of an unknown god.
   958 | D:2      | Found a broken altar of Ashenzari.
   960 | D:2      | You fall into a shaft and drop 2 floors!
   960 | D:4      | Found a hazy altar of Hepliaklqana.
   970 | D:4      | HP: 6/26 [ball python (2)]
   971 | D:4      | Slain by a gnoll

Illustrated notes

Levels and vault maps discovered:
D:1:      ncdulo_halloftheorcs, layout_basic, serial_forest,
          infiniplex_forest_end_2, infiniplex_forest_lined_room_,
          infiniplex_forest_fountain, infiniplex_forest_lined_1,
          infiniplex_forest_zigzag_1, infiniplex_forest_lined_corner,
          dreamdust_ecumenical_altar_statues, dreamdust_princess_corridor,
          minmay_misc_feat_more_columns
D:2:      layout_basic, basic_altar, uniq_crazy_yiuf_cottage
D:4:      layout_basic, lemuel_tele_altar, minmay_temple_entry_trees,
          gup_sewer_entry_pipe, serial_park_tiny_pond

Action                     || total
---------------------------++-------
  Melee: Hand axe          ||    39
   Stab: Sleeping          ||     1
 Armour: Robe              ||     5
  Dodge: Dodged            ||    23

Table legend: (Time is in decaauts)
 A = Elapsed time spent in this place.
 B = Non-inter-level travel time spent in this place.
 C = Inter-level travel time spent in this place.
 D = Time resting spent in this place.
 E = Time spent auto-exploring this place.
 F = Levels seen in this place.
 G = Mean time per level.
                   A        B        C        D        E       F      G
               +--------+--------+--------+--------+--------+-----+--------+
         Total |    972 |    952 |     20 |      0 |    851 |   3 |  324.0 |
       Dungeon |    972 |    952 |     20 |      0 |    851 |   3 |  324.0 |
               +--------+--------+--------+--------+--------+-----+--------+

Top non-repeatable levels by time:
     D:1: 959 daAuts
     D:4: 10 daAuts
     D:2: 2 daAuts

Table legend:
 A = Kills in this place as a percentage of kills in entire the game.
 B = Kills by you in this place as a percentage of kills by you in the entire game.
 C = Kills by friends in this place as a percentage of kills by friends in the entire game.
 D = Other kills in this place as a percentage of other kills in the entire game.
 E = Experience gained in this place as a percentage of experience gained in the entire game.
 F = Experience gained in this place divided by the number of levels of this place that you have seen.
                   A       B       C       D       E      F
               +-------+-------+-------+-------+-------+----------------------
         Total | 100.0 | 100.0 |   N/A |   N/A | 100.0 |   7.3
       Dungeon | 100.0 | 100.0 |   N/A |   N/A | 100.0 |   7.3
               +-------+-------+-------+-------+-------+----------------------
